 Dungeon Crawl Stone Soup version 0.30-a0-4-ga7cffc901d (webtiles) character file.

Game seed: 1680164742840821365

5 purpskrrrp the Trooper (level 1, -7/18 HPs)
             Began as a Demonspawn Fighter on Aug 21, 2022.
             Mangled by a kobold
             ... wielding a +1 dagger of electrocution
              (20 damage)
             ... on level 1 of the Dungeon.
             The game lasted 00:00:08 (105 turns).

purpskrrrp the Trooper (Demonspawn Fighter)          Turns: 105, Time: 00:00:10

Health: -7/18      AC:  6    Str: 16    XL:     1   Next: 66%
Magic:  1/1        EV:  8    Int:  9    God:
Gold:   0          SH:  4    Dex: 12    Spells: 0/0 levels left

rFire   . . .      SeeInvis .    a - +0 war axe
rCold   . . .      Faith    .    c - +0 buckler
rNeg    . . .      Spirit   .    b - +0 scale mail
rPois   .          Reflect  .    (no helmet)
rElec   .          Harm     .    (no cloak)
rCorr   .          Rampage  .    (no gloves)
Will    .....                    (no boots)
Stlth   ..........               (no amulet)
HPRegen 0.06/turn                (no ring)
MPRegen 0.07/turn                (no ring)

@: no status effects
A: no striking features
a: no special abilities


You were on level 1 of the Dungeon.
You visited 1 branch of the dungeon, and saw 1 of its levels.

Inventory:

Hand Weapons
 a - a +0 war axe (weapon)
Armour
 b - a +0 scale mail (worn)
 c - a +0 buckler (worn)
Potions
 d - a potion of might
 e - 2 potions of lignification {unknown}


   Skills:
 + Level 3.1 Fighting
 + Level 1.9 Axes
 + Level 2.8 Armour
 + Level 2.8 Shields


You couldn't memorise any spells.
You didn't know any spells.
Your spell library was empty.

Dungeon Overview and Level Annotations

Branches:
Dungeon (1/15)

Altars:


Message History

No target in view!
No target in view!
No target in view!
No target in view!
No target in view!
No target in view!
No target in view!
No target in view!
No target in view!
No target in view!
No target in view!
No target in view!
No target in view!
No target in view!
No target in view!
No target in view!
No target in view!
HP restored.
e - 2 fizzy white potions
Found a short sword.
No target in view!
A hobgoblin comes into view.
The hobgoblin shouts!
A gnoll comes into view. It is wielding a +0 club.
A kobold comes into view.
It is wielding a +1 dagger of electrocution.
The gnoll shouts!
The hobgoblin barely misses you.
You hit the gnoll.
The gnoll is heavily wounded.
You hit the kobold but do no damage. You hit the hobgoblin.
The kobold barely misses you. The hobgoblin hits you.
The gnoll hits you with a +0 club.
You slash the hobgoblin!
You kill the hobgoblin!
You miss the kobold. You hit the gnoll but do no damage.
The gnoll completely misses you.
The kobold hits you with a +1 dagger of electrocution.
You are electrocuted!!
Ouch! That really hurt!
You die...

.#..#.# ...#..# ###
### .###.## #.. ..#
## #.# #.# #.##### #
#.# #.# #.#...# # #
#.# #.# #.#...##.###
# #.# ##.#
#.#.........
#.###..###....K......
#.#..........@.......
#.#...######..g......
#...### #.........
#...# #.........
..).## ..........
#...## #####......
....## ###### .#..
.#..


You could see a gnoll and a kobold.

Vanquished Creatures
  A bat (D:1)
  An endoplasm (D:1)
  A giant cockroach (D:1)
  A goblin (D:1)
  A hobgoblin (D:1)
5 creatures vanquished.

Notes
Turn   | Place    | Note
-------+----------+-------------------------------------------
     0 | D:1      | purpskrrrp the Demonspawn Fighter began the quest for the
                  | Orb.
     0 | D:1      | Reached XP level 1. HP: 18/18 MP: 1/1
   105 | D:1      | Mangled by a kobold

Illustrated notes

Levels and vault maps discovered:
D:1:      wander_arrival_abandoned_jail, layout_rooms, minmay_splitting_lines,
          kennysheep_flooded_box

Action                   || total
-------------------------++-------
Melee: War axe           ||    21
Armor: Scale mail        ||    16
Dodge: Dodged            ||    10
Block: Buckler           ||     6

Table legend: (Time is in decaauts)
 A = Elapsed time spent in this place.
 B = Non-inter-level travel time spent in this place.
 C = Inter-level travel time spent in this place.
 D = Time resting spent in this place.
 E = Time spent auto-exploring this place.
 F = Levels seen in this place.
 G = Mean time per level.
                   A        B        C        D        E       F      G
               +--------+--------+--------+--------+--------+-----+--------+
         Total |    114 |    114 |      0 |      0 |     67 |   1 |  114.0 |
       Dungeon |    114 |    114 |      0 |      0 |     67 |   1 |  114.0 |
               +--------+--------+--------+--------+--------+-----+--------+

Top non-repeatable levels by time:
     D:1: 114 daAuts
